 Dungeon Crawl Stone Soup version 0.27-a0-1188-g73eefd5def (webtiles) character file.

Game seed: 16810634122488276410

286 Hamester5 the Covered (level 6, -1/51 HPs)
             Began as a Barachi Fighter on May 22, 2021.
             Slain by an ogre
             ... wielding a +0 giant spiked club
              (17 damage)
             ... on level 4 of the Dungeon.
             The game lasted 00:22:27 (7018 turns).

Hamester5 the Covered (Barachi Fighter)             Turns: 7018, Time: 00:22:27

Health: -1/51      AC:  9    Str: 18    XL:     6   Next: 30%
Magic:  6/6        EV: 10    Int:  9    God:
Gold:   103        SH:  0    Dex: 12    Spells: 5/5 levels left

rFire    . . .     SeeInvis .     - Unarmed
rCold    . . .     Faith    .   (no shield)
rNeg     . . .     Spirit   .   a - +0 scale mail
rPois    .         Reflect  .   (no helmet)
rElec    .         Harm     .   g - +1 cloak
rCorr    .         Rampage  .   (no gloves)
Will     .....                  (no boots)
Stlth    ..........             (no amulet)
HPRegen  0.17/turn              (no ring)
MPRegen  0.10/turn              (no ring)

@: slow
A: amphibious, slowness 1, strong legs 1, +LOS
a: Hop


You were on level 4 of the Dungeon.
You visited 1 branch of the dungeon, and saw 4 of its levels.

You collected 103 gold pieces.

Inventory:

Hand Weapons
 f - a +2 quarterstaff of chaos
Armour
 a - a +0 scale mail (worn)
 g - a +1 cloak (worn)
Wands
 b - a wand of digging (3)
 e - a wand of flame (12)
Scrolls
 c - a scroll of identify
 d - a scroll of teleportation
Potions
 h - a potion of brilliance {unknown}
 i - a potion of heal wounds {unknown}


   Skills:
 * Level 5.0 Fighting
 + Level 5.5 Armour
 + Level 1.3 Dodging
 - Level 0.2 Stealth
 - Level 3.3 Shields
 + Level 4.6 Unarmed Combat


You had 5 spell levels left.
You didn't know any spells.
Your spell library contained the following spells:

 Spells                   Type           Power      Damage    Failure   Level
 Animate Skeleton         Necr           0%         N/A       75%         1
 Pain                     Necr           0%         1d4       75%         1
 Vampiric Draining        Necr           0%         2d6       98%         3
 Animate Dead             Necr           0%         N/A       100%        4
 Agony                    Necr           0%         N/A       100%        5


Dungeon Overview and Level Annotations

Branches:
Dungeon (4/15)
 Temple: D:4-7

Altars:

Shops:
D:1 !


Innate Abilities, Weirdness & Mutations

You are amphibious.
You cover ground slowly.
You can hop short distances.
You have an extended range of vision and can be seen from far away.


Message History

You see here a glowing emerald potion.
A quokka is nearby!
h - a glowing emerald potion You barely miss the quokka.
The quokka bites you.
You hit the quokka.
You kill the quokka!
You see here a quokka corpse.
Found a stone staircase leading down.
A dart slug comes into view.
A dart slug is nearby!
Found an amethyst potion.
The dart slug launches a dart at you. The slug dart misses you.
You hit the dart slug.
The dart slug is severely wounded.
The dart slug bites you but does no damage.
You punch the dart slug!
You kill the dart slug!
There is a stone staircase leading down here.
An ogre comes into view. It is wielding a +0 giant spiked club.
You see here an amethyst potion.
i - an amethyst potion
Found a gold piece.
A centaur skeleton comes into view.
The ogre hits you with a +0 giant spiked club.
The centaur skeleton moves out of view.
Found 3 gold pieces.
You hit the ogre.
The ogre is moderately wounded.
The ogre hits you but does no damage.
You hit the ogre.
The ogre is heavily wounded.
The ogre hits you with a +0 giant spiked club!!
Ouch! That really hurt!
You hit the ogre.
The ogre is severely wounded.
You barely miss the ogre.
The ogre is severely wounded.
The ogre hits you with a +0 giant spiked club!
You die...

#.................
###......#.........#
#........##.>....... .$
#................# .$$
#.................
....####.................
............#............
..............##.........
........@..#######.......
.......O...# ##.....
...........# .....
#..........# .###
..........## #
....####### .... #.. .#


You could see an ogre.

Vanquished Creatures
  An ogre (D:4)
  Crazy Yiuf (D:2)
  Jessica (D:2)
  An orc wizard (D:3)
  5 adders
  3 worms (D:2)
  A dart slug (D:4)
  4 orcs (D:3)
  8 endoplasms
  3 giant cockroaches
  5 hobgoblins
  3 jackals (D:1)
  3 kobolds
  4 quokkas
  A ball python (D:2)
  4 bats
  2 frilled lizards
  3 goblins
  19 rats
72 creatures vanquished.

Notes
Turn   | Place    | Note
-------+----------+-------------------------------------------
     0 | D:1      | Hamester5 the Barachi Fighter began the quest for the Orb.
     0 | D:1      | Reached XP level 1. HP: 18/18 MP: 1/1
   853 | D:1      | Reached XP level 2. HP: 21/25 MP: 2/2
   911 | D:1      | Found Nuyney's Distillery.
  2546 | D:2      | Reached XP level 3. HP: 11/30 MP: 3/3
  2566 | D:2      | HP: 1/30 [worm (1)]
  3134 | D:2      | Noticed Jessica
  3152 | D:2      | Killed Jessica
  3153 | D:2      | Reached XP level 4. HP: 23/38 MP: 4/4
  4857 | D:2      | Found a runed translucent door.
  4858 | D:2      | Noticed Crazy Yiuf
  4873 | D:2      | Killed Crazy Yiuf
  4874 | D:2      | Reached skill level 5 in Armour
  4874 | D:2      | Reached XP level 5. HP: 30/43 MP: 5/5
  6664 | D:3      | Reached skill level 1 in Dodging
  6752 | D:3      | You fall into a shaft and drop 1 floor!
  6767 | D:4      | Noticed an ogre
  6801 | D:4      | Killed an ogre
  6802 | D:4      | Reached skill level 5 in Fighting
  6802 | D:4      | Reached XP level 6. HP: 30/51 MP: 6/6
  7018 | D:4      | Slain by an ogre

Illustrated notes

Levels and vault maps discovered:
D:1:      ebering_trefoil_3fold, layout_loops_ring, serial_shops, shop
D:2:      layout_basic, nrook_mini_vaults, chequers_serial_rivers_small_3,
          uniq_crazy_yiuf_cottage, uniq_jessica
D:3:      layout_loops_ring, minmay_rat_hole
D:4:      layout_rooms, nicolae_gozag_seed_capital,
          gammafunk_ghost_gnarly_gnolls, hangedman_decor_opposing, st_stairs_13,
          minmay_door_square, minmay_pentangle

Skill      XL: |  1  2  3  4  5 |
---------------+----------------+-----
Fighting       | 4 5 |  5.0
Armour         | 4 5 |  5.5
Unarmed Combat | 3 4 |  4.6
Dodging        | 1 |  1.3
Stealth        | |  0.2
Shields        | |  3.3

Action                   |  1- 3 |  4- 6 || total
-------------------------+-------+-------++-------
Melee: Unarmed           |   106 |   217 ||   323
       Punch             |     2 |     3 ||     5
 Abil: Hop               |     2 |     3 ||     5
Evoke: Wand              |       |     3 ||     3
  Use: Scroll            |     4 |     4 ||     8
       Potion            |     3 |     2 ||     5
Armor: Scale mail        |    58 |   128 ||   186
       Skin              |       |     1 ||     1
Dodge: Dodged            |    51 |    88 ||   139

Table legend: (Time is in decaauts)
 A = Elapsed time spent in this place.
 B = Non-inter-level travel time spent in this place.
 C = Inter-level travel time spent in this place.
 D = Time resting spent in this place.
 E = Time spent auto-exploring this place.
 F = Levels seen in this place.
 G = Mean time per level.
                   A        B        C        D        E       F      G
               +--------+--------+--------+--------+--------+-----+--------+
         Total |   7502 |   7502 |      0 |   3727 |   2013 |   4 | 1875.5 |
       Dungeon |   7502 |   7502 |      0 |   3727 |   2013 |   4 | 1875.5 |
               +--------+--------+--------+--------+--------+-----+--------+

Top non-repeatable levels by time:
     D:2: 3913 daAuts
     D:1: 2606 daAuts
     D:3: 689 daAuts
     D:4: 292 daAuts
